 Dungeon Crawl Stone Soup version 0.21.1-1-g345015f (webtiles) character file.

1722 nikopol the Thaumaturge (level 8, -1/42 HPs)
             Began as a Deep Elf Fire Elementalist on Feb 5, 2018.
             Slain by a sky beast (5 damage)
             ... on level 4 of the Dungeon.
             The game lasted 00:19:23 (4996 turns).

nikopol the Thaumaturge (DEFE)                      Turns: 4996, Time: 00:19:24

Health: -1/42      AC:  3    Str:  5    XL:     8   Next: 75%
Magic:  12/23      EV: 14    Int: 27    God:
Gold:   257        SH:  0    Dex: 15    Spells: 14/25 levels left

rFire    . . .     SeeInvis .   C - +3 mace of Hotaadef {crush, Int+4}
rCold    . . .     Gourm    .   (no shield)
rNeg     . . .     Faith    .   a - +0 robe
rPois    .         Spirit   .   (no helmet)
rElec    .         Reflect  .   u - +0 cloak
rCorr    .         Harm     .   (no gloves)
MR       .....                  (no boots)
Stlth    +++.......             (no amulet)
HPRegen  0.14/turn              (no ring)
MPRegen  0.18/turn              (no ring)

@: no status effects
A: no striking features
a: no special abilities


You were on level 4 of the Dungeon.
You were hungry.

You visited 1 branch of the dungeon, and saw 5 of its levels.

You collected 257 gold pieces.

Inventory:

Hand Weapons
 q - a +0 dagger
 t - a +0 short sword of venom
 v - a +0 dagger of venom
 C - the +3 mace of Hotaadef (weapon) {crush, Int+4}
   (You found it on level 5 of the Dungeon)

   It inflicts extra damage upon your enemies.
   It affects your intelligence (+4).
Armour
 a - a +0 robe (worn)
 u - a +0 cloak (worn)
Wands
 o - a wand of iceblast (3)
Scrolls
 d - 2 scrolls of magic mapping {unknown}
 f - a scroll of random uselessness {unknown}
 g - 3 scrolls of teleportation {unknown}
 j - 3 scrolls of amnesia {unknown}
 l - a scroll of fog {unknown}
 m - 2 scrolls of immolation {unknown}
 n - 6 scrolls of identify {unknown}
 w - a scroll of noise {unknown}
 x - a scroll of fear {unknown}
 y - 3 scrolls of blinking {unknown}
 B - a scroll of remove curse {unknown}
Potions
 e - a potion of cancellation {unknown}
 h - a potion of curing {unknown}
 i - a potion of resistance {unknown}
 k - a potion of berserk rage {unknown}
 p - 2 potions of ambrosia {unknown}
 r - a potion of heal wounds {unknown}
 s - 2 potions of haste {unknown}
 z - a potion of mutation {unknown}
 A - a potion of brilliance {unknown}
Books
 b - a book of Flames

   Spells                             Type                      Level
   a - Flame Tongue                   Conjuration/Fire             1
   b - Throw Flame                    Conjuration/Fire             2
   c - Conjure Flame                  Conjuration/Fire             3
   d - Inner Flame                    Hexes/Fire                   3
   e - Sticky Flame                   Conjuration/Fire             4
   f - Fireball                       Conjuration/Fire             5
Comestibles
 c - 6 rations


   Skills:
 + Level 0.5 Fighting
 + Level 3.9 Dodging
 + Level 4.0 Stealth
 + Level 9.3 Spellcasting
 + Level 6.1 Conjurations
 + Level 7.2 Fire Magic


You had 14 spell levels left.
You knew the following spells:

 Your Spells              Type           Power        Failure   Level  Hunger
a - Flame Tongue          Conj/Fire      #####        1%          1    None
b - Throw Flame           Conj/Fire      #####.       1%          2    None
c - Conjure Flame         Conj/Fire      #####...     1%          3    None
d - Fireball              Conj/Fire      #####.....   9%          5    ####...


Dungeon Overview and Level Annotations

Branches:
Dungeon (5/15)
 Temple: D:4-7

Altars:
Makhleb


Message History

* * * LOW HITPOINT WARNING * * *
Casting: Flame Tongue
Confirm with . or Enter, or press ? or * to list all spells.
Aiming: Conjure Flame
Press: ? - help, Dir - move target cursor You see a ghostly outline there, and the spell fizzles.
There is a stone staircase leading up, spattered with blood here.
Welcome back, nikopol the Deep Elf Fire Elementalist.
Press ? for a list of commands and other information.
Something hits you.
* * * LOW HITPOINT WARNING * * *
Something shocks you.
* * * LOW HITPOINT WARNING * * *
Deactivating autopickup; reactivate with Ctrl-A.
You climb upwards.
There is a stone staircase leading down here.
Something hits you.
* * * LOW HITPOINT WARNING * * *
Something shocks you.
You die...

#.#...#....>#.......#
#.#...#####.#.......#
#.#...# ##''.......#
#.#...# #..........#
#.#...# #..........#
#.#...# #........###
#.#)..# #........#
#.##)#####........####
#...>@........p.......
#######.....##.#######
#.###.##.# #.#......#
#....##### ###.#....#
#.##.#.# #...(#.#
#.####.#


There were no monsters in sight!

Vanquished Creatures
  Pikel (D:4)
  Grinder (D:2)
  Sigmund (D:4)
  The ghost of SaintRoka the Skirmisher, an amateur VSFi (D:3)
  Eustachio (D:4)
  Menkaure (D:5)
  A phantom (D:5)
  A centaur (D:4)
  Crazy Yiuf (D:5)
  An iguana (D:4)
  A worker ant (D:4)
  6 gnolls
  11 adders
  An ooze (D:1)
  An adder skeleton (D:4)
  2 worms
  3 dart slugs
  2 leopard geckos
  10 orcs (D:3)
  A ball python (D:3)
  6 bats
  6 giant cockroaches
  10 goblins
  9 hobgoblins
  4 jackals (D:3)
  7 kobolds
  A quokka (D:2)
  6 frilled lizards
  7 rats
104 creatures vanquished.

Vanquished Creatures (others)
  7 toadstools (D:1)
7 creatures vanquished.

Grand Total: 111 creatures vanquished

Notes
Turn   | Place    | Note
-------+----------+-------------------------------------------
     0 | D:1      | nikopol the Deep Elf Fire Elementalist began the quest for the Orb.
     0 | D:1      | Reached XP level 1. HP: 10/10 MP: 6/6
   144 | D:1      | Reached XP level 2. HP: 15/15 MP: 2/8
   623 | D:1      | Reached XP level 3. HP: 19/19 MP: 8/10
  1100 | D:2      | Learned a level 2 spell: Throw Flame
  1104 | D:2      | Learned a level 3 spell: Conjure Flame
  1123 | D:2      | Reached skill level 4 in Spellcasting
  1123 | D:2      | Reached XP level 4. HP: 24/24 MP: 7/12
  1638 | D:3      | Noticed SaintRoka's ghost (amateur VSFi)
  1650 | D:3      | Reached skill level 5 in Spellcasting
  1654 | D:3      | Killed SaintRoka's ghost
  1654 | D:3      | Reached skill level 6 in Spellcasting
  1654 | D:3      | Reached XP level 5. HP: 18/28 MP: 0/15
  1654 | D:3      | Reached XP level 6. HP: 21/32 MP: 0/17
  2096 | D:3      | Noticed Grinder
  2103 | D:3      | Paralysed by Grinder for 4 turns
  2110 | D:2      | Paralysed by Grinder for 5 turns
  2180 | D:2      | Killed Grinder
  2180 | D:2      | Reached skill level 7 in Spellcasting
  2180 | D:2      | Reached skill level 5 in Fire Magic
  2180 | D:2      | Reached XP level 7. HP: 15/36 MP: 7/19
  2579 | D:3      | Learned a level 5 spell: Fireball
  3308 | D:4      | Noticed Sigmund
  3624 | D:4      | Killed Sigmund
  3918 | D:4      | Noticed Pikel
  4000 | D:4      | Killed Pikel
  4000 | D:4      | Reached skill level 8 in Spellcasting
  4000 | D:4      | Reached skill level 5 in Conjurations
  4000 | D:4      | Reached XP level 8. HP: 42/42 MP: 8/22
  4173 | D:4      | Noticed Eustachio
  4177 | D:4      | Killed Eustachio
  4436 | D:5      | Entered Level 5 of the Dungeon
  4576 | D:5      | Reached skill level 9 in Spellcasting
  4699 | D:5      | Found a burning altar of Makhleb.
  4771 | D:5      | Noticed Menkaure
  4773 | D:5      | Killed Menkaure
  4856 | D:5      | Found a runed door.
  4860 | D:5      | Noticed Crazy Yiuf
  4864 | D:5      | Killed Crazy Yiuf
  4895 | D:5      | Got an ivory mace
  4896 | D:5      | Identified the +3 mace of Hotaadef {crush, Int+4} (You found it on level 5 of the Dungeon)
  4996 | D:4      | Slain by a sky beast

Skill      XL: |  1  2  3  4  5  6  7  8 |
---------------+-------------------------+-----
Fire Magic     | 4 5 6 7 |  7.2
Spellcasting   | 4 6 7 8 9 |  9.3
Conjurations   | 2 3 5 6 |  6.1
Dodging        | 3 |  3.9
Stealth        | 3 4 |  4.0
Fighting       | |  0.5

Action                   |  1- 3 |  4- 6 |  7- 9 || total
-------------------------+-------+-------+-------++-------
 Cast: Flame Tongue      |    67 |    78 |   101 ||   246
       Conjure Flame     |       |     1 |     8 ||     9
       Throw Flame       |       |       |     7 ||     7
       Fireball          |       |       |     3 ||     3
  Eat: Chunk             |     1 |     3 |     8 ||    12
Armor: Robe              |     3 |     8 |     1 ||    12
Dodge: Dodged            |    14 |    39 |    16 ||    69
